 Dungeon Crawl Stone Soup version 0.29.1-1-gd02db6906a (webtiles) character file.

Game seed: 15077051213962914226

146 Iusername the Covered (level 5, -2/47 HPs)
             Began as a Minotaur Fighter on Sept 15, 2022.
             Slain by a gnoll
             ... wielding a +0 whip of electrocution
              (5 damage)
             ... on level 3 of the Dungeon.
             The game lasted 00:02:51 (2405 turns).

Iusername the Covered (Minotaur Fighter)            Turns: 2405, Time: 00:02:52

Health: -2/47      AC:  7    Str: 22    XL:     5   Next: 7%
Magic:  4/4        EV: 10    Int:  5    God:
Gold:   134        SH:  4    Dex: 10    Spells: 4/4 levels left

rFire   . . .      SeeInvis .   a - +0 long sword
rCold   . . .      Faith    .   c - +0 buckler
rNeg    . . .      Spirit   .   b - +0 scale mail
rPois   .          Reflect  .   (helmet restricted)
rElec   .          Harm     .   (no cloak)
rCorr   .          Rampage  .   (no gloves)
Will    .....                   (no boots)
Stlth   ..........              (no amulet)
HPRegen 0.15/turn               (no ring)
MPRegen 0.09/turn               (no ring)

@: no status effects
A: horns 2, retaliatory headbutt
a: no special abilities


You were on level 3 of the Dungeon.
You visited 1 branch of the dungeon, and saw 3 of its levels.

You collected 134 gold pieces.

Inventory:

Hand Weapons
 a - a +0 long sword (weapon)
Armour
 b - a +0 scale mail (worn)
 c - a +0 buckler (worn)
Jewellery
 t - a ring of flight
Wands
 s - a wand of paralysis (1)
Scrolls
 e - 3 scrolls of identify {unknown}
 g - a scroll of noise {unknown}
 l - 2 scrolls of poison {unknown}
 n - a scroll of amnesia {unknown}
 p - a scroll of enchant armour {unknown}
 q - a scroll of blinking {unknown}
Potions
 d - a potion of might
 f - a potion of flight {unknown}
 h - a potion of haste {unknown}
 i - a potion of invisibility {unknown}
 j - a potion of lignification {unknown}
 k - a potion of brilliance {unknown}
 m - 2 potions of curing {unknown}
 o - a potion of degeneration {unknown}
 r - a potion of ambrosia {unknown}


   Skills:
 + Level 4.3 Fighting
 + Level 3.5 Long Blades
 + Level 5.1 Armour
 + Level 1.6 Dodging
 + Level 4.2 Shields


You had 4 spell levels left.
You didn't know any spells.
Your spell library was empty.

Dungeon Overview and Level Annotations

Branches:
Dungeon (3/15)

Altars:
Nemelex Xobeh

Shops:
D:1 =


Innate Abilities, Weirdness & Mutations

You have a pair of horns on your head.
You reflexively headbutt those who attack you in melee.


Message History

You barely miss the gnoll. The gnoll hits you with a +0 flail!
You closely miss the gnoll. The gnoll misses you. You block the gnoll's attack.
You hit the gnoll. Your headbutt misses the gnoll.
The gnoll is lightly wounded.
You block the gnoll's attack. The gnoll hits you with a +0 flail.
You slash the gnoll!
The gnoll is heavily wounded.
The gnoll hits you with a +0 whip of electrocution.
The gnoll hits you with a +0 flail!
* * * LOW HITPOINT WARNING * * *
You are too injured to fight recklessly!
You are too injured to fight recklessly!
You are too injured to fight recklessly!
You are too injured to fight recklessly!
You are too injured to fight recklessly!
You are too injured to fight recklessly!
You are too injured to fight recklessly!
You are too injured to fight recklessly!
You are too injured to fight recklessly!
You are too injured to fight recklessly!
Unknown command.
The gnoll attacks as you move away!
The gnoll hits you with a +0 whip of electrocution!
* * * LOW HITPOINT WARNING * * *
You hit the gnoll but do no damage.
The gnoll is heavily wounded.
You block the gnoll's attack.
You closely miss the gnoll.
You headbutt the gnoll, but do no damage.
The gnoll is heavily wounded.
You slash the gnoll! You headbutt the gnoll.
You kill the gnoll!
You have reached level 5!
You hit the gnoll.
The gnoll is almost dead.
The gnoll closely misses you.
You hit the gnoll but do no damage. Your headbutt misses the gnoll.
The gnoll is almost dead.
The gnoll hits you with a +0 whip of electrocution.
You die...

##.###..........#
#.###..######<[.
###.#.)...# ##
........#.#### ..
. ....>...#....##
.# ..
........####..##
.# #... ........#
##..# .#....#
........#
##.###)..#
........#
#..@g..#
........#
#..###.....<
######### ####
..... .... ... ..
.


You could see a gnoll.

Vanquished Creatures
  Ijyb (D:3)
  An orc wizard (D:3)
  2 gnolls (D:3)
  3 adders (D:2)
  A dart slug (D:1)
  2 orcs (D:3)
  6 bats
  2 endoplasms
  4 giant cockroaches
  5 goblins
  4 hobgoblins
  5 kobolds (D:2)
  A quokka (D:2)
  7 ball pythons
  2 frilled lizards (D:2)
  A rat (D:3)
47 creatures vanquished.

Notes
Turn   | Place    | Note
-------+----------+-------------------------------------------
     0 | D:1      | Iusername the Minotaur Fighter began the quest for the Orb.
     0 | D:1      | Reached XP level 1. HP: 19/19 MP: 0/0
   197 | D:1      | Found Koig Ygi's Jewellery Shoppe.
   384 | D:1      | Reached XP level 2. HP: 27/27 MP: 1/1
   400 | D:1      | Reached skill level 4 in Armour
  1107 | D:2      | Reached XP level 3. HP: 29/33 MP: 2/2
  1691 | D:2      | Found a faded altar of an unknown god.
  1803 | D:2      | Found a sparkling altar of Nemelex Xobeh.
  2126 | D:3      | Reached XP level 4. HP: 40/40 MP: 3/3
  2143 | D:3      | Noticed Ijyb
  2146 | D:3      | Paralysed by Ijyb for 5 turns
  2154 | D:3      | Killed Ijyb
  2155 | D:3      | Reached skill level 5 in Armour
  2365 | D:3      | Reached skill level 1 in Dodging
  2400 | D:3      | HP: 1/41 [gnoll/+0 whip of electrocution (8)]
  2404 | D:3      | Reached XP level 5. HP: 2/47 MP: 4/4
  2405 | D:3      | Slain by a gnoll

Illustrated notes

Levels and vault maps discovered:
D:1:      wheals_arrival_shading, layout_loops_ring, serial_shops, shop
D:2:      layout_loops_cross, shapermc_ecumenical_altar_venn, basic_altar
D:3:      layout_rooms, hangedman_feature_mirror, uniq_terence,
          uniq_crazy_yiuf_cottage, uniq_ijyb

Skill      XL: |  1  2  3  4 |
---------------+-------------+-----
Armour         | 4 5 |  5.1
Shields        | 4 |  4.2
Fighting       | 4 |  4.3
Long Blades    | 3 |  3.5
Dodging        | 1 |  1.6

Action                   |  1- 3 |  4- 6 || total
-------------------------+-------+-------++-------
Melee: Long sword        |    78 |    24 ||   102
       Headbutt          |     8 |     5 ||    13
  Use: Potion            |       |     2 ||     2
Armor: Scale mail        |    45 |    10 ||    55
Dodge: Dodged            |    41 |     9 ||    50
Block: Buckler           |    17 |     8 ||    25
